Map: Catalyst LE

Players

Test - Winner!

  • Race: Terran Terran
  • League: Platinum
  • Spawn Location: 11:00

Ipsilon

  • Race: Protoss Protoss
  • League: Silver
  • Spawn Location: 5:00

VOD

Have the link to the VOD?

Description

Time

  • Played on: May 16, 2018, 6:39 p.m.
  • Length: 16:04
Show
View Real Time Build Order
Export as new Build Order

Test Terran - Winner!

Build Orders: MMM Bio 

Get SALT Encoding   

  12  0:00  SCV  
  13  0:12  SCV  
  14  0:19  Supply Depot  
  14  0:25  SCV  
  15  0:31  Refinery  
  15  0:40  SCV  
  16  0:48  Barracks  
  16  0:54  SCV  
  17  1:21  Supply Depot  
  17  1:35  Orbital Command  
  17  1:43  Command Center  
  17  1:53  Refinery  
  17  2:00  Barracks  
  17  2:06  SCV  
  18  2:22  Factory  
  18  2:25  SCV  
  19  2:35  Marine  
  21  2:37  SCV  
  21  2:42  Supply Depot  
  21  2:48  Marine  
  22  2:52  Marine  
  23  2:59  Orbital Command  
  23  3:08  Barracks Reactor  
  23  3:12  Factory Tech Lab  
  23  3:14  SCV  
  24  3:27  SCV x2, Starport  
  24  3:31  Marine  
  27  3:38  Siege Tank  
  30  3:42  SCV  
  30  3:43  SCV  
  32  3:53  Marine x2  
  34  4:00  SCV x2  
  36  4:06  Engineering Bay  
  36  4:10  Barracks Tech Lab  
  36  4:11  Supply Depot  
  36  4:12  SCV  
  38  4:17  SCV  
  38  4:27  Marine x2  
  38  4:28  Siege Tank  
  38  4:30  Medivac  
  45  4:36  Refinery  
  45  4:37  SCV  
  46  4:42  Marine  
  46  4:45  Marine  
  48  4:46  SCV  
  48  4:50  SCV  
  50  4:55  Stimpack  
  50  4:58  SCV  
  51  5:00  Medivac  
  51  5:02  SCV  
  54  5:17  Supply Depot  
  54  5:18  Terran Infantry Weapons Level 1  
  54  5:20  Supply Depot  
  54  5:38  Marine x3  
  57  5:48  Siege Tank  
  60  5:53  Barracks  
  60  5:56  Marine x3  
  63  5:57  SCV x2  
  63  6:03  Refinery  
  65  6:09  SCV  
  66  6:13  Command Center  
  66  6:14  Marine x3  
  66  6:15  Barracks  
  66  6:17  Barracks  
  69  6:32  Marine  
  70  6:44  Marine x2  
  70  6:56  Supply Depot  
  70  6:58  Supply Depot x2  
  70  7:01  Combat Shields  
  70  7:02  Armory  
  70  7:04  Armory  
  70  7:18  Marine, SCV x2, Siege Tank, Medivac  
  70  7:19  Marine x4  
  82  7:26  Supply Depot  
  82  7:30  SCV x2  
  82  7:31  Supply Depot  
  82  7:33  Barracks Reactor  
  82  7:35  Marine  
  85  7:37  Marine x2  
  85  7:38  Marauder  
  85  7:39  Orbital Command  
  85  7:42  SCV x2  
  91  7:50  Siege Tank  
  94  7:54  SCV  
  87  8:07  SCV  
  87  8:08  SCV  
  89  8:12  Refinery  
  89  8:14  Marine x3  
  89  8:15  Marine x4  
  89  8:17  Medivac  
  98  8:22  Siege Tank  
  98  8:24  Starport  
  101  8:29  Terran Vehicle Weapons Level 1  
  101  8:32  Marine  
  101  8:33  SCV x3  
  105  8:39  Refinery  
  105  8:40  Sensor Tower  
  105  8:45  SCV  
  108  8:50  Missile Turret  
  108  8:57  Missile Turret  
  108  8:59  Missile Turret  
  108  9:00  Missile Turret  
  108  9:01  Starport Tech Lab, Missile Turret x2  
  106  9:03  Starport Reactor  
  106  9:11  Barracks  
  106  9:12  Marine x6, Marauder  
  114  9:29  Marine x2  
  115  9:34  Marauder  
  112  9:50  SCV  
  112  9:51  SCV x2  
  115  9:55  Marine x2, Marauder  
  115  9:56  Marine x4  
  122  10:00  Barracks  
  122  10:02  SCV  
  122  10:03  Command Center  
  123  10:11  Medivac  
  125  10:18  Terran Vehicle And Ship Armor Level 1  
  125  10:22  Supply Depot  
  125  10:24  Supply Depot  
  125  10:27  Barracks Reactor  
  125  10:28  Barracks Reactor  
  125  10:29  Barracks Reactor, Factory  
  125  10:30  Concussive Shells  
  125  10:31  Barracks Reactor  
  125  10:44  Marine x4, SCV, Siege Tank  
  125  10:45  SCV x2, Medivac  
  125  10:46  Marauder  
  139  11:02  Marine x2  
  141  11:04  Supply Depot x2  
  141  11:06  Supply Depot  
  141  11:07  Terran Infantry Weapons Level 2  
  141  11:10  Terran Vehicle Weapons Level 2  
  141  11:15  Marine x2, Orbital Command, Marauder  
  141  11:16  Marine, Thor  
  141  11:17  Marine  
  153  11:19  Marine x2  
  153  11:20  SCV  
  156  11:26  SCV x2  
  156  11:32  SCV  
  159  11:33  Marine x2  
  159  11:37  Marauder  
  161  11:49  SCV  
  161  11:50  SCV x3, Marine  
  166  11:58  Marauder  
  166  11:59  Siege Tank  
  171  12:02  SCV x4  
  171  12:06  Refinery  
  171  12:07  Refinery  
  175  12:10  Marine x3  
  175  12:11  Marine x2  
  180  12:27  Supply Depot  
  180  12:48  Marine x6, SCV x2  
  180  12:50  Command Center  
  188  13:14  Terran Vehicle And Ship Armor Level 2  
  188  13:16  Supply Depot  
  188  13:18  Supply Depot  
  188  13:23  Supply Depot  
  188  13:25  Barracks  
  188  13:37  Marine x5, Siege Tank  
  188  13:39  Marine, SCV x3  
  200  13:42  Marine x2  
  200  13:43  Marine  
  200  13:45  SCV  
  199  13:48  Widow Mine  
  199  13:51  SCV  
  199  13:55  Marine  
  200  14:15  Barracks  
  200  14:35  Sensor Tower  
  200  15:05  Barracks  
  176  15:16  Marine x3  
  176  15:19  Marine x3  
  176  15:20  Marine  
  172  15:40  Marine x4  
  172  15:41  Marine x2  
Show
View Real Time Build Order
Export as new Build Order

Ipsilon Protoss 

Build Orders: 1 Gate Expand 

Get SALT Encoding   

  1  0:00  Probe  
  12  0:05  Probe  
  14  0:16  Probe  
  15  0:25  Pylon  
  15  0:35  Assimilator  
  15  0:43  Probe  
  15  0:46  Gateway  
  16  0:56  Gateway  
  16  1:25  Nexus  
  16  1:39  Zealot  
  18  1:45  Zealot  
  20  2:02  Pylon, Probe  
  20  2:07  Zealot  
  23  2:16  Probe  
  23  2:20  Zealot  
  26  2:28  Assimilator, Probe  
  27  2:34  Zealot, Probe  
  29  2:42  Probe  
  30  2:47  Zealot  
  33  2:52  Probe  
  34  3:00  Cybernetics Core  
  34  3:04  Probe  
  34  3:05  Probe  
  36  3:13  Probe  
  36  3:18  Pylon  
  37  3:22  Zealot x2  
  37  3:23  Probe  
  37  3:25  Probe  
  43  3:27  Warp Gate  
  43  3:37  Probe  
  44  3:49  Probe  
  44  3:51  Twilight Council  
  44  3:52  Probe  
  46  4:00  Probe  
  46  4:01  Stalker x2  
  50  4:09  Charge, Probe  
  51  4:11  Pylon  
  51  4:14  Pylon  
  52  4:20  Probe  
  53  4:32  Probe  
  54  4:42  Stalker  
  54  4:43  Stalker  
  54  4:44  Probe  
  59  4:48  Nexus  
  59  4:56  Probe x2  
  61  5:08  Probe  
  61  5:09  Assimilator, Probe  
  61  5:12  Assimilator  
  63  5:21  Probe  
  64  5:23  Pylon  
  64  5:28  Gateway  
  64  5:30  Gateway  
  64  5:32  Gateway x2  
  64  5:39  Probe  
  65  5:51  Probe  
  66  5:58  Stalker x2  
  66  6:03  Probe  
  71  6:06  Pylon  
  71  6:08  Probe  
  71  6:15  Probe  
  71  6:16  Probe  
  74  6:26  Probe  
  74  6:29  Forge  
  74  6:30  Forge  
  74  6:32  Forge  
  67  6:56  Probe  
  67  7:01  Probe  
  68  7:08  Protoss Ground Weapons Level 1, Probe, Protoss Shields Level 1  
  69  7:09  Probe, Protoss Ground Armor Level 1  
  71  7:16  Photon Cannon  
  71  7:18  Probe x2  
  71  7:19  Photon Cannon  
  71  7:22  Photon Cannon  
  73  7:26  Probe  
  73  7:28  Stalker x2  
  73  7:29  Stalker x4  
  85  7:32  Probe  
  85  7:35  Probe  
  87  7:39  Probe  
  87  7:40  Probe  
  89  7:47  Pylon, Probe  
  89  7:50  Pylon, Probe  
  91  7:51  Probe  
  85  8:00  Probe  
  86  8:06  Probe  
  86  8:08  Probe  
  88  8:14  Probe  
  88  8:16  Zealot x6  
  88  8:18  Probe  
  101  8:24  Probe  
  103  8:27  Gateway  
  103  8:29  Gateway  
  103  8:53  Probe  
  103  9:02  Probe  
  103  9:11  Probe  
  103  9:13  Assimilator  
  104  9:17  Assimilator  
  102  9:52  Photon Cannon  
  102  9:54  Photon Cannon  
  102  9:57  Photon Cannon  
  102  10:22  Protoss Ground Weapons Level 2  
  102  10:23  Protoss Shields Level 2, Protoss Ground Armor Level 2  
  102  10:28  Nexus  
  102  10:37  Assimilator  
  102  10:42  Zealot, Assimilator  
  102  10:43  Zealot x4  
  102  10:44  Zealot x2  
  116  10:55  Robotics Facility  
  116  10:57  Robotics Facility  
  116  10:59  Robotics Facility  
  116  11:02  Stargate  
  116  11:05  Stargate x2  
  116  11:06  Stargate, Probe  
  117  11:31  Pylon, Probe  
  114  11:34  Pylon  
  114  11:36  Pylon  
  110  11:40  Pylon  
  110  11:44  Probe  
  110  11:47  Probe  
  110  11:55  Probe  
  110  11:57  Zealot x6  
  110  11:58  Zealot x2  
  127  12:03  Observer x3  
  127  12:04  Probe  
  131  12:24  Warp Prism  
  131  12:29  Robotics Bay  
  133  12:31  Photon Cannon  
  133  12:33  Photon Cannon  
  133  12:35  Protoss Ground Weapons Level 3, Protoss Shields Level 3  
  133  12:36  Photon Cannon, Protoss Ground Armor Level 3  
  133  12:39  Dark Shrine  
  133  12:48  Probe  
  133  12:56  Probe  
  134  13:01  Probe  
  136  13:05  Probe  
  136  13:09  Probe, Extended Thermal Lance  
  137  13:16  Colossus x3  
  137  13:18  Probe  
  157  13:27  Zealot  
  157  13:28  Zealot x2  
  139  14:10  Colossus  
  139  14:16  Colossus x2  
  157  14:20  Pylon  
  157  14:21  Dark Templar x3  
  157  14:22  Pylon  
  163  14:26  Pylon, Archon  
  163  14:29  Pylon  
  80  15:02  Dark Templar  
  80  15:03  Dark Templar x6  
  80  15:04  Dark Templar  
  36  15:36  Dark Templar  
  36  15:37  Dark Templar x5  
Tags
 
Add a new tag
Caveats
  • Supply blocks, unpowered buildings, or Contaminate may cause inaccurate times.
  • Supply counts are checked every 10 seconds.